 Dungeon Crawl Stone Soup version 0.26-a0-858-gbf76662 (webtiles) character file.

Game seed: 6983256846215691383

251414 TheOrbIsALie the Bludgeoner (level 19, -6/132 HPs)
             Began as a Gargoyle Fighter on Nov 24, 2020.
             Was the Champion of Okawaru.
             Killed by the air
             ... invoked by Manier the Cloud Mage
              (38 damage)
             ... in a wizard's laboratory.
             The game lasted 01:38:42 (41758 turns).

TheOrbIsALie the Bludgeoner (Gargoyle Fighter)     Turns: 41758, Time: 01:38:42

Health: -6/132     AC: 36    Str: 26    XL:     19   Next: 66%
Magic:  24/24      EV: 33    Int: 11    God:    Okawaru [******]
Gold:   2475       SH:  9    Dex: 15    Spells: 18/18 levels left

rFire    . . .     SeeInvis .   a - +5 eveningstar (holy)
rCold    + + +     Faith    +   F - +3 warlock's mirror {reflect}
rNeg     + . .     Spirit   .   v - +4 ring mail of the Shrike {rC+ MR+ Dex+2}
rPois    ∞         Reflect  +   X - +0 hat of Depression {rPois rC+ Dex+4}
rElec    +         Harm     .   I - +2 cloak
rCorr    .         Rampage  .   s - +1 pair of gloves "Zebren" {rC+}
MR       ++...                  w - +2 pair of boots {Stlth+}
Stlth    +++.......             H - amulet of faith
HPRegen  0.32/turn              c - ring "Sawu" {EV+4 Slay+3}
MPRegen  0.19/turn              l - ring "Poykis" {rPois EV+4 Str+2 Dex-2}

@: heroism, flying (expiring)
A: big wings, negative energy resistance 1, electricity resistance, unbreathing,
petrification resistance, rot immunity, AC +14
}: 2/15 runes: decaying, gossamer
a: Fly, Heroism, Finesse, Renounce Religion


You were in a wizard's laboratory.
You worshipped Okawaru.
Okawaru was exalted by your worship.
You visited 6 branches of the dungeon, and saw 32 of its levels.
You also visited: Sewer, Ossuary, Gauntlet, Ice Cave and Wizlab.

You collected 4770 gold pieces.
You spent 2295 gold pieces at shops.

Inventory:

Hand Weapons
 a - a +5 eveningstar of holy wrath (weapon)
 d - the +8 broad axe "Latseur" {freeze, rC+ Int+3}
   (You found it on level 3 of the Swamp)

   It has been specially enchanted to freeze those struck by it, causing extra
   injury to most foes and up to half again as much damage against particularly
   susceptible opponents.
   It can also slow down cold-blooded creatures.
   It affects your intelligence (+3).
   It protects you from cold.
Missiles
 n - 3 datura-tipped darts
 y - 19 silver javelins
 S - 19 javelins
 U - 24 atropa-tipped darts
 Z - 6 curare-tipped darts (quivered)
Armour
 s - the +1 pair of gloves "Zebren" (worn) {rC+}
   (You found it on level 3 of the Spider Nest)

   It protects you from cold.
 v - the +4 ring mail of the Shrike (worn) {rC+ MR+ Dex+2}
   (You took it off an orc on level 4 of the Dungeon)

   It affects your dexterity (+2).
   It protects you from cold.
   It affects your resistance to hostile enchantments.
 w - a +2 pair of boots of stealth (worn)
 F - the +3 warlock's mirror (worn) {reflect}
   (You bought it in a shop on level 1 of the Orcish Mines)
 I - a +2 cloak (worn)
 M - a +1 pair of gloves of archery
 T - +1 acid dragon scales
 X - the +0 hat of Depression (worn) {rPois rC+ Dex+4}
   (Okawaru gifted it to you on level 2 of the Lair of Beasts)

   It affects your dexterity (+4).
   It protects you from cold.
   It protects you from poison.
Jewellery
 c - the ring "Sawu" (left hand) {EV+4 Slay+3}
   (You found it in a Gauntlet)

   [ring of evasion]

   It affects your evasion (+4).
   It affects your accuracy and damage with ranged weapons and melee attacks
   (+3).
 f - the ring of a Hundred Nightmares {rF+ Int+6}
   (You found it on level 6 of the Lair of Beasts)

   [ring of intelligence]

   It affects your intelligence (+6).
   It protects you from fire.
 i - a +6 ring of dexterity
 l - the ring "Poykis" (right hand) {rPois EV+4 Str+2 Dex-2}
   (You found it in a Gauntlet)

   [ring of evasion]

   It affects your evasion (+4).
   It affects your strength (+2).
   It affects your dexterity (-2).
   It protects you from poison.
 A - an uncursed ring of stealth {unknown}
 H - an amulet of faith (around neck)
 P - an uncursed ring of resist corrosion {unknown}
 W - the ring "Huxteliuf" {rPois rC+ MR+}
   (You bought it in a shop on level 9 of the Dungeon)

   [ring of protection from magic]

   It protects you from cold.
   It protects you from poison.
   It affects your resistance to hostile enchantments.
Wands
 b - a wand of acid (15)
 p - a wand of iceblast (32)
 Q - a wand of flame (106)
Scrolls
 m - 11 scrolls of identify
 o - 17 scrolls of remove curse
 t - 9 scrolls of immolation
 u - 12 scrolls of amnesia
 z - 5 scrolls of magic mapping
 B - a scroll of blinking
 D - 16 scrolls of teleportation
 G - 7 scrolls of fog
 N - 3 scrolls of enchant armour
 O - 4 scrolls of fear
 V - 3 scrolls of silence {unknown}
 Y - 2 scrolls of holy word {unknown}
Potions
 e - 12 potions of heal wounds
 g - 5 potions of magic
 h - 2 potions of haste
 j - 3 potions of lignification
 k - 2 potions of invisibility
 q - 22 potions of curing
 r - 5 potions of might
 C - 6 potions of brilliance
 E - 14 potions of ambrosia
 J - 3 potions of cancellation
 K - 9 potions of mutation
 L - 3 potions of berserk rage
 R - 4 potions of resistance
Miscellaneous
 x - a condenser vane


   Skills:
 + Level 18.8(23.8) Fighting
 + Level 20.1(25.1) Maces & Flails
 + Level 7.1(12.1) Throwing
 - Level 9.2(14.2) Armour
 + Level 15.4(20.4) Dodging
 + Level 1.5(6.5) Stealth
 - Level 3.5(8.5) Shields
 + Level 6.7 Invocations
 + Level 2.6 Evocations


You had 18 spell levels left.
You didn't know any spells.
Your spell library contained the following spells:

 Spells                   Type           Power        Failure   Level
 Sandblast                Erth           #.....       43%         1
 Shock                    Conj/Air       #...         43%         1
 Summon Small Mammal      Summ           #...         43%         1
 Call Imp                 Summ           #.......     56%         2
 Passwall                 Tmut/Erth      #.......     56%         2
 Poisonous Vapours        Pois/Air       #.....       56%         2
 Swiftness                Air            #.......     56%         2
 Call Canine Familiar     Summ           #.......     80%         3
 Confusing Touch          Hex            #.......     80%         3
 Conjure Flame            Conj/Fire      #.......     80%         3
 Gell's Gravitas          Tloc           #.........   80%         3
 Ignite Poison            Fire/Tmut/Pois #.......     80%         3
 Inner Flame              Hex/Fire       #.......     80%         3
 Mephitic Cloud           Conj/Pois/Air  #.......     80%         3
 Stone Arrow              Conj/Erth      #.....       80%         3
 Summon Guardian Golem    Hex/Summ       #.......     80%         3
 Tukima's Dance           Hex            #.......     80%         3
 Airstrike                Air            #.........   99%         4
 Ice Form                 Ice/Tmut       #.......     99%         4
 Leda's Liquefaction      Hex/Erth       #.........   99%         4
 Petrify                  Tmut/Erth      #.......     99%         4
 Summon Ice Beast         Ice/Summ       #.......     99%         4
 Summon Lightning Spire   Summ/Air       #.......     99%         4
 Bolt of Magma            Conj/Fire/Erth #.........   100%        5
 Fireball                 Conj/Fire      #.........   100%        5
 Lee's Rapid Deconstruct  Erth           #.........   100%        5
 Metabolic Englaciation   Hex/Ice        #.........   100%        5
 Yara's Violent Unravell  Hex/Tmut       #.........   100%        5
 Freezing Cloud           Conj/Ice/Air   #.........   100%        6
 Iron Shot                Conj/Erth      #.........   100%        6
 Ozocubu's Refrigeration  Ice            #.........   100%        6
 Simulacrum               Ice/Necr       #.........   100%        6
 Starburst                Conj/Fire      #.........   100%        6
 Ignition                 Fire           #.........   100%        8
 Shatter                  Erth           #.........   100%        9
 Statue Form              Tmut/Erth      Unusable     N/A         6

Dungeon Overview and Level Annotations

Branches:
Dungeon (15/15)            Temple (0/1) D:6            Lair (6/6) D:9
  Swamp (4/4) Lair:2       Spider (4/4) Lair:2        Slime (0/5) Lair:6
    Orc (2/2) D:11            Elf (0/3) Orc:2        Vaults (0/5) D:13
 Depths (1/5) D:15          Sewer (visited)         Ossuary (visited)
  IceCv (visited)          WizLab (1/1)             Gauntlet (visited)

Altars:
Ashenzari
Cheibriados
Dithmenos
Gozag
Kikubaaqudgha
Nemelex Xobeh
Okawaru
Sif Muna
Trog
Xom
Yredelemnul
The Shining One
Beogh

Shops:
D:9 =   D:10 *   D:14 }   D:15 }   Orc:1 [   Orc:2 :!(*(   Depths:1 **=!

Annotations:
Lair:3 exclusion: 2 oklob plants


Innate Abilities, Weirdness & Mutations

You are resistant to torment.
Your stone body is resilient. (AC +14)
You are immune to poison.
Your large and strong wings let you fly indefinitely.
You resist negative energy. (rN+)
You are resistant to electric shocks. (rElec)
You can survive without breathing.
You are immune to petrification.
You are immune to rotting.


Message History

The winds around Manier start to calm down.
The air elemental is engulfed in spectral mist.
The air elemental is destroyed!
The air elemental completely misses you.
You block the air elemental's attack.
You impale the air elemental!!
You destroy the air elemental!
Okawaru accepts your kill.
Unknown command.
Unknown command.
Evoke which item? (* to show all) (? for menu, Esc to quit)
Aiming: Corrosive Bolt
Press: ? - help, Shift-Dir - straight line, f - Manier
Aim: Manier the Cloud Mage, wielding a +1 quick blade of electrocution and wearing the +3 robe of Clouds {+Thunder rCloud rElec} (raging winds, lightly wounded, surrounded by restless winds, 30% to evade)
The bolt of acid hits Manier!
Manier is splashed with acid.
The acid corrodes Manier!
Manier is moderately wounded.
Manier waves her arms in wide circles.
The air twists around and violently strikes you in flight!!!
You die...

≈≈≈≈≈≈≈≈≈≈≈≈≈≈≈≈≈≈≈≈≈≈≈≈≈≈≈≈≈≈≈
≈≈≈≈≈≈≈≈≈≈≈≈≈≈≈≈≈≈≈≈≈≈≈≈≈≈≈≈≈≈≈
#######################≈≈≈≈≈≈≈≈
......................###≈≈≈≈≈≈
≈≈≈≈≈≈≈≈≈≈≈≈≈≈≈≈≈≈≈≈≈...###≈≈≈≈
####################≈≈≈...##≈≈≈
# ## ###########≈≈≈≈≈..#≈≈≈
#..#§§#§.#§§##≈≈≈≈≈≈.##≈≈
...§§§§§@§@§§#≈≈≈≈≈≈..#≈≈
..§§§§§†§§§§#≈≈≈≈≈≈≈.##≈
...§§§§§§§§§§#§§≈≈≈≈≈..#≈
...§§§§§§§§§§§.........#≈
§.§§§§§§§§.§§#≈≈≈≈≈≈≈..#≈
§§.......§§§°#≈≈≈≈≈≈≈.##
.§.........§§#≈≈≈≈≈≈..#≈
#..#..#..#.§##≈≈≈≈≈≈.##≈ #
##############≈≈≈≈≈..#≈≈


You could see Manier the Cloud Mage (gusty, corroded).

Vanquished Creatures
  Rupert (D:14)
  A frost giant (Depths:1)
  A fenstrider witch (Swamp:2)
  Louise (Spider:1)
  An orc warlord (Orc:2)
  7 emperor scorpions
  6 ghost moths
  3 stone giants
  Nessos (D:12)
  7 spark wasps
  A minotaur (Gauntlet)
  7 bunyips
  4 eleionomae
  2 shambling mangroves (Swamp:1)
  5 blizzard demons
  4 ettins
  Erolcha (Orc:2)
  4 fire dragons
  6 boulder beetles
  Harold (D:8)
  5 ghost crabs
  3 spriggan air magi (WizLab)
  18 hydras
  A rakshasa (Depths:1)
  Erica (Lair:1)
  6 centaur warriors
  A merfolk avatar (Lair:6)
  11 alligators
  5 ogre magi
  19 two-headed ogres
  A death knight (D:15)
  3 tengu warriors
  2 orc high priests
  2 shock serpents (WizLab)
  A deep elf knight (D:15)
  Sonja (Lair:1)
  3 unseen horrors
  3 goliath frogs
  A sea snake (Lair:6)
  2 death drakes (WizLab)
  4 spriggan druids
  2 deep trolls (Orc:2)
  5 bog bodies
  12 swamp dragons
  A lindwurm (Swamp:4)
  A deep elf mage (D:15)
  2 harpies (Lair:6)
  A wolf spider zombie (D:15)
  5 orc knights
  26 wolf spiders
  3 manticores
  21 orb spiders
  7 will-o-the-wisps
  4 cyclopes
  32 ugly things
  2 centaur zombies (D:12)
  9 elephants
  An ice statue (IceCv)
  6 black mambas
  A molten gargoyle (Swamp:4)
  An apocalypse crab (WizLab)
  10 cane toads
  2 torpor snails
  5 rime drakes
  An efreet (D:15)
  14 komodo dragons
  2 kobold demonologists (D:13)
  2 anaconda simulacra (IceCv)
  A minotaur zombie (Gauntlet)
  A yaktaur (Depths:1)
  7 ice devils (IceCv)
  20 demonic crawlers
  3 freezing wraiths
  A golden dragon simulacrum (IceCv)
  3 polar bears
  2 tengu conjurers (Gauntlet)
  39 jumping spiders
  A meliai (shapeshifter) (D:13)
  A queen bee (Lair:2)
  A bloated husk (Swamp:3)
  19 trolls
  19 hornets
  17 blink frogs
  3 slime creatures
  5 tyrant leeches
  3 wind drakes (WizLab)
  4 dream sheep (Lair:4)
  A meliai zombie (D:13)
  8 air elementals (WizLab)
  5 dire elephant simulacra (IceCv)
  58 redbacks
  A centaur simulacrum (D:15)
  4 vampires
  10 spriggans
  21 tarantellas
  6 steam dragons (Swamp:4)
  5 wraiths
  A hog (shapeshifter) (D:15)
  8 wyverns
  37 yaks
  5 basilisks
  6 vampire mosquitoes
  The ghost of Gigglenaut the Chiller, an amateur DsIE (D:3)
  3 iron troll simulacra (IceCv)
  18 swamp worms
  3 harpy simulacra (IceCv)
  A soldier ant (D:11)
  A warg (shapeshifter) (D:15)
  A hydra simulacrum (IceCv)
  2 wargs (Orc:2)
  5 swamp drakes
  Duvessa (D:6)
  5 sky beasts
  15 water moccasins
  An ice beast (D:12)
  26 orc warriors
  A hornet zombie (D:9)
  A phantom (D:11)
  2 alligator simulacra (IceCv)
  2 black bears
  3 necrophages
  31 ogres
  7 wolves
  17 centaurs
  3 big kobolds
  An elf zombie (D:11)
  11 bullfrogs
  5 scorpions
  Dowan (D:6)
  A troll zombie (D:11)
  28 killer bees
  A swamp dragon simulacrum (IceCv)
  2 electric eels (Lair:2)
  10 wights
  A howler monkey (D:12)
  A lava snake (Swamp:4)
  A quasit (D:10)
  4 bullfrog skeletons
  4 centaur skeletons
  3 human zombies (D:11)
  A draconian simulacrum (IceCv)
  12 hounds
  6 jellies
  18 orc priests
  Crazy Yiuf (D:6)
  3 human skeletons (D:11)
  Terence (D:2)
  17 orc wizards
  8 iguanas
  A polar bear simulacrum (IceCv)
  14 worker ants
  4 troll simulacra (IceCv)
  A spriggan simulacrum (IceCv)
  A wolf simulacrum (IceCv)
  A big kobold zombie (Ossuary)
  An ogre skeleton (D:11)
  9 mummies
  A worker ant zombie (D:7)
  13 adders
  A gnoll (D:5)
  2 naga simulacra (IceCv)
  2 ogre simulacra (IceCv)
  5 river rats (Sewer)
  A shadow imp (D:8)
  7 white imps
  5 ufetubi (IceCv)
  7 oozes
  3 adder skeletons
  An adder zombie (D:9)
  3 worms
  3 dart slugs
  9 leopard geckos
  80 orcs
  10 giant cockroaches
  4 gnoll zombies (Ossuary)
  12 goblins
  8 hobgoblins
  7 jackals
  40 kobolds
  2 quokkas
  6 ball pythons
  7 bats
  5 frilled lizards
  A hobgoblin zombie (Ossuary)
  2 kobold zombies (Ossuary)
  A leopard gecko skeleton (D:6)
  30 rats
1262 creatures vanquished.

Vanquished Creatures (collateral kills)
  A tyrant leech (Swamp:3)
1 creature vanquished.

Vanquished Creatures (others)
  A blizzard demon (WizLab)
  A fire crab (Swamp:4)
  A swamp dragon (Swamp:4)
  A lindwurm (Swamp:4)
  A wolf spider (Spider:3)
  A will-o-the-wisp (Swamp:3)
  An apocalypse crab (WizLab)
  A bloated husk (Swamp:1)
  A hornet (Swamp:2)
  5 dream sheep (Lair:6)
  2 air elementals (WizLab)
  A steam dragon (Swamp:4)
  2 swamp drakes (Swamp:4)
  2 wolves (Lair:6)
  2 orcs (D:13)
  31 foxfires
  42 fungi
  94 plants
190 creatures vanquished.

Grand Total: 1453 creatures vanquished

Notes
Turn   | Place    | Note
-------+----------+-------------------------------------------
     0 | D:1      | TheOrbIsALie the Gargoyle Fighter began the quest for the
                  | Orb.
     0 | D:1      | Reached XP level 1. HP: 14/14 MP: 1/1
   222 | D:1      | Reached XP level 2. HP: 19/19 MP: 2/2
   466 | D:1      | Reached XP level 3. HP: 22/24 MP: 3/3
  1001 | D:2      | Found a shadowy altar of Dithmenos.
  1097 | D:2      | Reached skill level 3 in Maces & Flails
  1097 | D:2      | Reached XP level 4. HP: 29/29 MP: 4/4
  1102 | D:2      | Reached skill level 1 in Dodging
  1189 | D:2      | Reached XP level 5. HP: 32/33 MP: 5/5
  1339 | D:2      | Noticed Terence
  1362 | D:2      | Killed Terence
  1927 | D:3      | Noticed Gigglenaut's ghost (amateur DsIE)
  1932 | D:3      | Found a runed translucent door.
  2208 | D:3      | Found an ancient bone altar of Kikubaaqudgha.
  2565 | D:3      | Killed Gigglenaut's ghost
  2566 | D:3      | Reached skill level 4 in Maces & Flails
  2566 | D:3      | Reached XP level 6. HP: 15/39 MP: 6/6
  2939 | D:4      | Found a broken altar of Ashenzari.
  2945 | D:4      | Identified the +4 ring mail of the Shrike {rC+ MR+ Dex+2}
  2964 | D:4      | Reached skill level 5 in Maces & Flails
  2966 | D:4      | Reached XP level 7. HP: 35/44 MP: 7/7
  3046 | D:4      | Found a glowing drain.
  3064 | Sewer    | Entered a sewer
  3812 | D:4      | Reached skill level 6 in Maces & Flails
  3836 | D:4      | Found a snail-covered altar of Cheibriados.
  4068 | D:5      | Entered Level 5 of the Dungeon
  4373 | D:5      | Found an iron altar of Okawaru.
  4389 | D:5      | Became a worshipper of Warmaster Okawaru
  4476 | D:5      | Reached skill level 5 in Fighting
  4534 | D:5      | Reached XP level 8. HP: 49/49 MP: 8/8
  4634 | D:6      | Reached skill level 7 in Maces & Flails
  4686 | D:6      | Noticed Duvessa
  4686 | D:6      | Noticed Dowan
  4687 | D:6      | Noticed a two-headed ogre
  4697 | D:6      | Killed Dowan
  4703 | D:6      | Killed a two-headed ogre
  4703 | D:6      | Reached * piety under Okawaru
  4703 | D:6      | Killed Duvessa
  4704 | D:6      | Reached skill level 8 in Maces & Flails
  4704 | D:6      | Reached skill level 5 in Armour
  4704 | D:6      | Reached skill level 1 in Evocations
  4704 | D:6      | Reached XP level 9. HP: 34/55 MP: 9/9
  4790 | D:6      | Found a sand-covered staircase.
  4797 | D:6      | Got a bloodstained leather armour
  4805 | Ossuary  | Entered an ossuary
  4839 | Ossuary  | Reached skill level 9 in Maces & Flails
  5233 | D:6      | Identified the +0 leather armour of Dogmatism {Rampage
                  | Str+2 Dex+2} (You found it on level 6 of the Dungeon)
  5242 | D:6      | Found a runed translucent door.
  5243 | D:6      | Noticed Crazy Yiuf
  5257 | D:6      | Killed Crazy Yiuf
  5529 | D:6      | Found a staircase to the Ecumenical Temple.
  5571 | D:6      | Found a glowing golden altar of the Shining One.
  5743 | D:6      | Reached ** piety under Okawaru
  6449 | D:7      | Reached skill level 10 in Maces & Flails
  7043 | D:8      | Got an encrusted leather armour
  7066 | D:8      | Identified the +3 leather armour "Rixiu" {rC+ rN+ Regen+
                  | Int-3 Stlth+} (You found it on level 8 of the Dungeon)
  7270 | D:8      | Reached XP level 10. HP: 63/63 MP: 10/10
  7398 | D:8      | Reached *** piety under Okawaru
  7882 | D:8      | Noticed Harold
  7912 | D:8      | Killed Harold
  7977 | D:8      | Got a pair of smoking boots
  7988 | D:8      | Identified the cursed -6 pair of boots of Apathy {rF- rC+
                  | rCorr Str+3} (You found it on level 8 of the Dungeon)
  8102 | D:9      | Found a staircase to the Lair.
  8126 | D:9      | Reached skill level 11 in Maces & Flails
  8144 | D:9      | Reached **** piety under Okawaru
  8205 | D:9      | Reached skill level 5 in Dodging
  8222 | D:9      | Received a gift from Okawaru
  8289 | D:9      | Reached XP level 11. HP: 56/69 MP: 11/11
  8316 | D:9      | Reached skill level 12 in Maces & Flails
  8486 | D:9      | Noticed a purple ugly thing
  8500 | D:9      | Killed a purple ugly thing
  8514 | D:9      | Reached ***** piety under Okawaru
  8619 | D:9      | Found a bloodstained altar of Trog.
  8700 | D:9      | Found a sparkling altar of Nemelex Xobeh.
  8792 | D:9      | Found Waag's Jewellery Emporium.
  8803 | D:9      | Bought the ring "Huxteliuf" {rPois rC+ MR+} for 604 gold
                  | pieces
  9006 | D:9      | HP: 1/69 [enormous slime creature (61)]
  9913 | Lair:1   | Entered Level 1 of the Lair of Beasts
  9932 | Lair:1   | Noticed a four-headed hydra
  9989 | Lair:1   | Killed a four-headed hydra
 10251 | Lair:1   | Noticed Erica
 10291 | Lair:1   | Killed Erica
 10291 | Lair:1   | Received a gift from Okawaru
 10423 | Lair:1   | Reached skill level 13 in Maces & Flails
 10653 | Lair:1   | Noticed Sonja
 10732 | Lair:1   | Killed Sonja
 11562 | Lair:2   | Reached XP level 12. HP: 43/76 MP: 12/12
 12059 | Lair:2   | Received a gift from Okawaru
 12063 | Lair:2   | Got an ancient hat {god gift}
 12074 | Lair:2   | Identified the +0 hat of Depression {rPois rC+ Dex+4}
                  | (Okawaru gifted it to you on level 2 of the Lair of Beasts)
 12318 | Lair:2   | Found a hole to the Spider Nest.
 12580 | Lair:2   | Found a staircase to the Swamp.
 12603 | Lair:2   | Reached skill level 1 in Invocations
 12608 | Lair:2   | Reached skill level 10 in Fighting
 13052 | Lair:3   | Noticed an eight-headed hydra
 13171 | Lair:3   | Reached skill level 14 in Maces & Flails
 13259 | Lair:3   | Noticed a seven-headed hydra
 13314 | Lair:3   | Killed an eight-headed hydra
 13428 | Lair:3   | Killed a seven-headed hydra
 14196 | Lair:4   | Reached XP level 13. HP: 73/83 MP: 10/13
 14203 | Lair:4   | Received a gift from Okawaru
 15712 | Lair:5   | Reached ****** piety under Okawaru
 15776 | Lair:5   | Received a gift from Okawaru
 15791 | Lair:5   | Got a scorched great sword {god gift}
 15967 | Lair:5   | Identified the +7 great sword of Lifem {flame, *Slow rElec
                  | rPois Str+4} (Okawaru gifted it to you on level 5 of the
                  | Lair of Beasts)
 16312 | Lair:6   | Entered Level 6 of the Lair of Beasts
 16505 | Lair:6   | Reached skill level 15 in Maces & Flails
 16714 | Lair:6   | Received a gift from Okawaru
 16719 | Lair:6   | Identified the +1 triple sword "Juehet" {vorpal, +Blink
                  | +Fly rF- rN++} (Okawaru gifted it to you on level 6 of the
                  | Lair of Beasts)
 16990 | Lair:6   | Found a staircase to the Slime Pits.
 17305 | Lair:6   | Got a flickering ivory ring
 17313 | Lair:6   | Identified the ring of a Hundred Nightmares {rF+ Int+6}
                  | (You found it on level 6 of the Lair of Beasts)
 17357 | Lair:6   | Gained mutation: Your large and strong wings let you fly
                  | indefinitely. [Gargoyle growth]
 17357 | Lair:6   | Reached XP level 14. HP: 21/91 MP: 15/15
 17830 | Lair:6   | Reached skill level 10 in Dodging
 17900 | Lair:6   | Identified a scroll of acquirement
 17900 | Lair:6   | Acquired a manual of Dodging
 17984 | Lair:6   | Identified the cursed +0 scale mail "Qiupug" {rPois rC-
                  | MR+} (You found it on level 6 of the Lair of Beasts)
 18145 | Lair:6   | Received a gift from Okawaru
 18150 | Lair:6   | Got a slimy chain mail {god gift}
 18161 | Lair:6   | Identified the +5 chain mail "Xiakauli" {*Slow rElec Str+4}
                  | (Okawaru gifted it to you on level 6 of the Lair of Beasts)
 18770 | Lair:6   | Found a shimmering altar of Xom.
 18907 | D:10     | Entered Level 10 of the Dungeon
 19007 | D:10     | Found Ohiysi's Assorted Antiques.
 19974 | D:11     | Found a basalt altar of Yredelemnul.
 20444 | D:11     | Found a staircase to the Orcish Mines.
 20619 | D:11     | Acquired a +1 eveningstar of holy wrath
 20805 | Orc:1    | Entered Level 1 of the Orcish Mines
 20805 | Orc:1    | Noticed a stone giant
 20809 | Orc:1    | Noticed an orc warlord
 20814 | Orc:2    | Entered Level 2 of the Orcish Mines
 20825 | Orc:2    | Found Gics's Book Shop.
 20894 | Orc:2    | Found a staircase to the Elven Halls.
 21049 | Orc:2    | Noticed Erolcha
 21060 | Orc:2    | Killed Erolcha
 21074 | Orc:2    | Found a roughly hewn altar of Beogh.
 21688 | Orc:2    | Reached skill level 16 in Maces & Flails
 21720 | Orc:2    | Received a gift from Okawaru
 21807 | Orc:2    | Received a gift from Okawaru
 22077 | Orc:2    | Received a gift from Okawaru
 22193 | Orc:2    | Found Gemiad's General Store.
 22194 | Orc:2    | Found Panew's Distillery.
 22217 | Orc:2    | Found Zuamac's Antique Weapon Shop.
 22251 | Orc:2    | Found Lyuhoed's Antique Weapon Shoppe.
 22273 | Orc:2    | Bought a potion of curing for 42 gold pieces
 22280 | Orc:2    | Bought a scroll of teleportation for 42 gold pieces
 22762 | Orc:1    | Found a roughly hewn altar of Beogh.
 22766 | Orc:1    | Reached XP level 15. HP: 97/99 MP: 17/17
 22792 | Orc:1    | You are sucked into a shaft and drop 1 floor!
 23336 | Orc:2    | Killed an orc warlord
 23406 | Orc:1    | Received a gift from Okawaru
 23810 | Orc:1    | Found Lahoqeiv's Antique Armour Shoppe.
 23828 | Orc:1    | Bought the +3 warlock's mirror {reflect} for 1480 gold
                  | pieces
 23828 | Orc:1    | Found the +3 warlock's mirror {reflect}
 24146 | D:12     | Noticed Nessos
 24162 | D:12     | Killed Nessos
 24242 | D:12     | Reached skill level 1 in Throwing
 24352 | D:12     | Found a gate leading to a gauntlet.
 24360 | Gauntlet | Entered a Gauntlet
 24360 | Gauntlet | Found a transporter.
 24389 | Gauntlet | Found a transporter.
 24404 | Gauntlet | Found a transporter.
 24409 | Gauntlet | Found a transporter.
 24426 | Gauntlet | Found a transporter.
 24444 | Gauntlet | Found a transporter.
 24456 | Gauntlet | Found a transporter.
 24462 | Gauntlet | Found a transporter.
 24477 | Gauntlet | Found a transporter.
 24489 | Gauntlet | Found a transporter.
 24501 | Gauntlet | Found a transporter.
 24522 | Gauntlet | Found a transporter.
 24535 | Gauntlet | Found a transporter.
 24537 | Gauntlet | Found a transporter.
 24563 | Gauntlet | Found a transporter.
 24565 | Gauntlet | Found a transporter.
 24585 | Gauntlet | Found a transporter.
 24675 | Gauntlet | Found a transporter.
 24732 | Gauntlet | Noticed a storm dragon
 24732 | Gauntlet | an entropy weaver changed into a storm dragon
 24733 | Gauntlet | Noticed an azure jelly
 24733 | Gauntlet | a storm dragon changed into an azure jelly
 24734 | Gauntlet | Noticed a fenstrider witch
 24734 | Gauntlet | an azure jelly changed into a fenstrider witch
 24742 | Gauntlet | Noticed a quicksilver dragon
 24742 | Gauntlet | Noticed a shadow dragon
 24742 | Gauntlet | a quicksilver dragon changed into a shadow dragon
 24745 | Gauntlet | a shadow dragon changed into a stone giant
 24746 | Gauntlet | Noticed a shadow dragon
 24746 | Gauntlet | a stone giant changed into a shadow dragon
 24752 | Gauntlet | Noticed a caustic shrike
 24752 | Gauntlet | a shadow dragon changed into a caustic shrike
 24753 | Gauntlet | a caustic shrike changed into a stone giant
 24982 | Gauntlet | Got a pitted marble ring
 24983 | Gauntlet | Identified the ring "Sawu" {EV+4 Slay+3} (You found it in a
                  | Gauntlet)
 25020 | Gauntlet | Reached skill level 5 in Invocations
 25028 | Gauntlet | Identified the ring "Poykis" {rPois EV+4 Str+2 Dex-2} (You
                  | found it in a Gauntlet)
 25932 | D:13     | Found a gate to the Vaults.
 26049 | D:13     | Reached skill level 17 in Maces & Flails
 26313 | D:13     | You are sucked into a shaft and drop 2 floors!
 26313 | D:15     | Entered Level 15 of the Dungeon
 26339 | D:15     | Received a gift from Okawaru
 26534 | D:13     | Found an opulent altar of Gozag.
 27031 | D:14     | Noticed Rupert
 27039 | D:14     | Killed Rupert
 27040 | D:14     | Reached XP level 16. HP: 107/107 MP: 18/20
 27128 | D:14     | Found Kietoshu's Gadget Shoppe.
 27423 | D:14     | Reached skill level 15 in Fighting
 27641 | D:14     | Received a gift from Okawaru
 28257 | D:15     | Found a staircase to the Depths.
 28380 | D:15     | Found Dyumos's Gadget Shoppe.
 28777 | Spider:1 | Entered Level 1 of the Spider Nest
 28857 | Spider:1 | Received a gift from Okawaru
 28880 | Spider:1 | Noticed Louise
 28897 | Spider:1 | Killed Louise
 29443 | Spider:1 | Reached skill level 18 in Maces & Flails
 30537 | Spider:2 | Identified the +6 scale mail of Words of Power {*Drain
                  | rElec rF+++ rC-} (You found it on level 2 of the Spider
                  | Nest)
 30701 | Spider:2 | Received a gift from Okawaru
 31043 | Spider:2 | Reached XP level 17. HP: 115/115 MP: 0/21
 31737 | Spider:3 | Received a gift from Okawaru
 31750 | Spider:3 | Identified the +1 pair of gloves "Zebren" {rC+} (You found
                  | it on level 3 of the Spider Nest)
 32448 | Spider:4 | Entered Level 4 of the Spider Nest
 33237 | Spider:4 | Acquired a +0 pair of gloves of strength
 33554 | Spider:4 | Acquired 543 gold pieces
 33678 | Spider:4 | Received a gift from Okawaru
 34315 | Spider:3 | Received a gift from Okawaru
 34589 | Spider:3 | Reached XP level 18. HP: 88/124 MP: 4/22
 34721 | Spider:4 | Reached skill level 5 in Throwing
 34731 | Spider:4 | Received a gift from Okawaru
 34815 | Spider:4 | Reached skill level 19 in Maces & Flails
 35049 | Spider:4 | Got a gossamer rune of Zot
 35369 | Swamp:1  | Entered Level 1 of the Swamp
 35425 | Swamp:1  | Identified Sif Muna's Grimoire of Entrancing Feathers
 35475 | Swamp:1  | Found a frozen archway.
 35480 | IceCv    | Entered an ice cave
 35963 | IceCv    | Received a gift from Okawaru
 38182 | Swamp:3  | Found a shimmering blue altar of Sif Muna.
 38579 | Swamp:3  | Received a gift from Okawaru
 38590 | Swamp:3  | Got a pair of smoking boots {god gift}
 38596 | Swamp:3  | Identified the +0 pair of boots of the Armoured One {-Cast
                  | Harm MR+} (Okawaru gifted it to you on level 3 of the
                  | Swamp)
 38766 | Swamp:3  | Identified the +8 broad axe "Latseur" {freeze, rC+ Int+3}
                  | (You found it on level 3 of the Swamp)
 38897 | Swamp:4  | Entered Level 4 of the Swamp
 39007 | Swamp:4  | Reached XP level 19. HP: 112/130 MP: 23/23
 39022 | Swamp:4  | Reached skill level 15 in Dodging
 39911 | Swamp:4  | Got a decaying rune of Zot
 40022 | Swamp:4  | Upgraded the game from 0.26-a0-854-gdc81c2f to
                  | 0.26-a0-858-gbf76662
 40267 | Depths:1 | Entered Level 1 of the Depths
 40319 | Depths:1 | Found Efeod's Blood Bar.
 40365 | Depths:1 | Received a gift from Okawaru
 40400 | Depths:1 | Found Letaimn's Distillery.
 40402 | Depths:1 | Found Feiseo's Jewellery Emporium.
 40405 | Depths:1 | Found Bicyhogu's General Store.
 40410 | Depths:1 | Bought a scroll of enchant armour for 127 gold pieces
 40448 | Depths:1 | Reached skill level 20 in Maces & Flails
 40448 | Depths:1 | Reached skill level 1 in Stealth
 40556 | Depths:1 | Found a magical portal.
 40565 | WizLab   | Entered The Chambers of the Cloud Mage
 41737 | WizLab   | Noticed Manier
 41747 | WizLab   | Received a gift from Okawaru
 41758 | WizLab   | Killed from afar by Manier the Cloud Mage

Illustrated notes

Levels and vault maps discovered:
D:1:      onia_arrival_pentagram, layout_basic
D:2:      layout_basic, nicolae_dithmenos_through_a_glass_darkly, uniq_terence
D:3:      layout_loops_ring, nicolae_overflow_crystal_walls,
          hellmonk_ghost_happy_afterlife
D:4:      layout_cave_pools, kennysheep_slug_shrine, portal_sewer_entry_f,
          evilmike_ruin_ashenzari
D:5:      layout_loops_ring, okawaru_altar_gauntlet_db
D:6:      layout_basic, general_overflow_altar, minmay_temple_entry_fiery,
          nicolae_ossuary_entry_monument, uniq_crazy_yiuf_cottage, uniq_duvessa
D:7:      layout_loops_ring
D:8:      layout_gridville, nicolae_underground_beach, uniq_harold
D:9:      layout_rooms, lemuel_coloured_pillars_altar, nemelex_altar_shiori,
          minmay_lair_entry_grove, serial_shops, nicolae_shop_crystal
D:10:     layout_gridville, serial_shops, shop
D:11:     layout_loops_cross, orc_0_dummy, roderic_three_in_a_row,
          lemuel_mausoleum_altar_yredelemnul
D:12:     layout_rooms, gauntlet_entry_generic, serial_rivers,
          chequers_serial_rivers_micro_e, chequers_serial_rivers_marsh,
          chequers_serial_rivers_small_3, chequers_serial_rivers_large_b,
          chequers_serial_rivers_room_b, minmay_circle_x, uniq_nessos
D:13:     layout_irregular_city, david_vaults_1, minmay_ruined_shrine
D:14:     layout_loops_corners, grunt_decor_resistance, serial_shops,
          nicolae_shop_crystal, uniq_rupert
D:15:     hangedman_depths_entry_civil_slaughter, layout_rooms, serial_shops,
          nicolae_shop_trees, chequers_hall_statues_y
Lair:1:   layout_chaotic_city, uniq_erica, uniq_sonja
Lair:2:   layout_cave_pods, nicolae_swamp_entry_splash_gauntlet,
          spider_nest_entry_funnel_web, special_room [special_room_bee],
          serial_bayou_shore_b
Lair:3:   layout_regular_city, serial_bayou, serial_bayou_pond_d,
          serial_bayou_crossing, serial_bayou_pond_d, serial_bayou_shore_b,
          minmay_lair_oklob_chamber, grunt_megastairs_2
Lair:4:   layout_cellular_growth, beast_lair_carwin_11
Lair:5:   layout_misc_corridors
Lair:6:   gammafunk_lair_ancient_temple, layout_gridlike,
          nicolae_slime_entry_slimehenge, kb_xom_exploding_sheep
Swamp:1:  layout_basic_swamp, portal_ice_cave_entry_pillars_three,
          evilmike_swamp_ruin_house_3, infiniplex_staircase_pool
Swamp:2:  layout_falls_marsh, serial_swamp_ruin, evilmike_swamp_ruin_house_4,
          evilmike_swamp_ruin_rubble_1, hangedman_swamp_ruin_wall, swamp_pool1
Swamp:3:  layout_falls_marsh, lemuel_altar_in_water
Swamp:4:  swamp_fiery, layout_basic_swamp, infiniplex_staircase_pool_2
Spider:1: layout_spider_delve, uniq_louise
Spider:2: layout_chambers, hangedman_spider_tarantella_strand
Spider:3: layout_spider_delve
Spider:4: guppyfry_spider_rune, nicolae_spider_circle_web,
          hangedman_stitches_earthworm
Orc:1:    layout_caves, special_room [special_room_orc], serial_shops, shop,
          mines1_david
Orc:2:    st_orc_open, layout_diamond_mine, serial_shops, shop,
          kennysheep_orc_chapel, uniq_erolcha
Depths:1: layout_twisted_cross, pf_dread_powers_of_hell, mu_enter_wizlab_5,
          drop_trap, guppyfry_shop_blood, minmay_shop_star, grunt_megastairs_5,
          firewood_loft, serial_bayou_shore_a
WizLab:   wizlab_cloud

Skill      XL: |  1  2  3  4  5  6  7  8  9 10 11 12 13 14 15 16 17 18 19 |
---------------+----------------------------------------------------------+-----
Maces & Flails | 3 4 5 6 8 10 11 13 14 15 16 17 18 19 20 | 20.1
Fighting       | 4 5 6 7 8 9 10 11 13 14 16 17 18 | 18.8
Armour         | 4 5 6 7 8 9 |  9.2
Dodging        | 1 2 3 5 6 8 9 11 12 13 14 15 | 15.4
Evocations     | 1 2 |  2.6
Invocations    | 1 3 6 |  6.7
Throwing       | 1 4 6 7 |  7.1
Stealth        | 1 |  1.5
Shields        | |  3.5

Action                   |  1- 3 |  4- 6 |  7- 9 | 10-12 | 13-15 | 16-18 | 19-21 || total
-------------------------+-------+-------+-------+-------+-------+-------+-------++-------
Melee: Flail             |   135 |   178 |   571 |   948 |   818 |       |       ||  2650
       Eveningstar       |       |       |       |       |   789 |  1602 |   340 ||  2731
       Morningstar       |       |       |       |       |   161 |       |       ||   161
Throw: Javelin           |       |       |       |       |     4 |       |     3 ||     7
       Dart              |       |       |       |       |       |       |     1 ||     1
Invok: Heroism           |       |       |       |    11 |    15 |    12 |     5 ||    43
       Finesse           |       |       |       |       |       |       |     1 ||     1
 Abil: Fly               |       |       |       |       |     1 |       |       ||     1
       Stop Flying       |       |       |       |       |       |       |     1 ||     1
Evoke: Wand              |       |       |     7 |    13 |     3 |     3 |     1 ||    27
       Condenser vane    |       |       |       |       |       |     2 |     1 ||     3
  Use: Scroll            |       |     6 |     3 |     6 |    25 |    19 |     2 ||    61
       Potion            |       |     2 |       |       |     2 |     2 |     3 ||     9
 Stab: Sleeping          |       |       |     1 |       |     2 |       |       ||     3
       Held in net/web   |       |       |       |       |       |     2 |       ||     2
       Petrifying        |       |       |       |       |       |     1 |     1 ||     2
Armor: Scale mail        |   103 |    15 |       |       |       |       |       ||   118
       Chain mail        |       |    62 |     7 |       |       |       |       ||    69
       Ring mail         |       |       |   186 |   258 |   487 |   538 |   116 ||  1585
Dodge: Dodged            |    51 |    34 |   147 |   343 |  1060 |  1754 |   433 ||  3822
Block: Kite shield       |    87 |   143 |   412 |   637 |   625 |       |       ||  1904
       Reflection        |       |     2 |    23 |     5 |    18 |    46 |    15 ||   109
       Buckler           |       |       |       |       |   132 |   730 |   153 ||  1015

Table legend: (Time is in decaauts)
 A = Elapsed time spent in this place.
 B = Non-inter-level travel time spent in this place.
 C = Inter-level travel time spent in this place.
 D = Time resting spent in this place.
 E = Time spent auto-exploring this place.
 F = Levels seen in this place.
 G = Mean time per level.
                   A        B        C        D        E       F      G
               +--------+--------+--------+--------+--------+-----+--------+
         Total |  40825 |  38974 |   1851 |   6287 |  22857 |  37 | 1103.4 |
       Dungeon |  14615 |  13703 |    912 |    722 |   9251 |  15 |  974.3 |
          Lair |   8978 |   8430 |    548 |   1154 |   5509 |   6 | 1496.3 |
         Swamp |   3834 |   3717 |    117 |   1027 |   1940 |   4 |  958.5 |
   Spider Nest |   6261 |   6101 |    160 |   1376 |   3337 |   4 | 1565.2 |
  Orcish Mines |   3115 |   3002 |    113 |    881 |   1311 |   2 | 1557.5 |
        Depths |    259 |    259 |      0 |      0 |      0 |   1 |  259.0 |
         Sewer |    714 |    714 |      0 |    116 |    380 |   1 |  714.0 |
       Ossuary |    394 |    394 |      0 |    139 |    139 |   1 |  394.0 |
      Ice Cave |    678 |    678 |      0 |      0 |    428 |   1 |  678.0 |
        Wizlab |   1147 |   1147 |      0 |    738 |    235 |   1 | 1147.0 |
      Gauntlet |    826 |    826 |      0 |    134 |    326 |   1 |  826.0 |
               +--------+--------+--------+--------+--------+-----+--------+

Top non-repeatable levels by time:
  Lair:6: 2347 daAuts
  Lair:2: 2166 daAuts
   Orc:2: 2066 daAuts
Spider:4: 1831 daAuts
Spider:3: 1710 daAuts
     D:8: 1557 daAuts
     D:9: 1515 daAuts
Spider:2: 1501 daAuts
 Swamp:3: 1382 daAuts
  Lair:4: 1300 daAuts
  Lair:1: 1286 daAuts
Spider:1: 1218 daAuts
    D:13: 1158 daAuts
  WizLab: 1147 daAuts
     D:6: 1137 daAuts
